 Dungeon Crawl Stone Soup version 0.18-a0-1542-g9c1a92e (webtiles) character file.

576 Kusio the Basher (level 7, 0/70 HPs)
             Began as an Ogre Berserker on Mar 10, 2016.
             Was a Priest of Trog.
             Shot with a poisoned arrow by a centaur (19 damage)
             ... on level 5 of the Dungeon.
             The game lasted 00:08:13 (3418 turns).

Kusio the Basher (Ogre Berserker)                   Turns: 3418, Time: 00:08:13

Health: 0/70       AC:  3    Str: 24    XL:     7   Next: 35%
Magic:  7/7        EV: 10    Int:  6    God:    Trog [***...]
Gold:   89         SH:  0    Dex: 10    Spells: 0 memorised, 6 levels left

rFire  . . .     SeeInvis .     l - +2 whip (flame)
rCold  . . .     Gourm    .     i - +0 robe
rNeg   . . .     Faith    .     (no shield)
rPois  .         Spirit   .     (helmet restricted)
rElec  .         Dismiss  .     (no cloak)
rCorr  +         Reflect  .     (gloves unavailable)
SustAt .         Harm     .     (boots unavailable)
MR     .....                    (no amulet)
Stlth  +.........               (no ring)
                                v - ring of resist corrosion

@: lethally poisoned (0 -> -28), about to teleport, not resistant to hostile
enchantments, very unstealthy
A: unfitting armour, tough skin 1
a: Berserk, Trog's Hand, Burn Spellbooks, Renounce Religion


You were on level 5 of the Dungeon.
You worshipped Trog.
Trog was most pleased with you.
You were not hungry.

You visited 1 branch of the dungeon, and saw 5 of its levels.

You collected 194 gold pieces.
You spent 105 gold pieces at shops.

Inventory:

Hand Weapons
 a - a +0 mace
 l - a +2 whip of flaming (weapon)
Missiles
 m - 8 needles of frenzy
 n - 5 large rocks (quivered)
Armour
 i - a +0 robe (worn)
Jewellery
 v - a ring of resist corrosion (left hand)
 C - an uncursed amulet of the gourmand {unknown}
Scrolls
 d - 2 scrolls of noise {unknown}
 e - 2 scrolls of amnesia {unknown}
 f - 2 scrolls of remove curse
 g - 2 scrolls of magic mapping {unknown}
 h - 2 scrolls of teleportation
 k - a scroll of blinking {unknown}
 o - 2 scrolls of fear {unknown}
 t - a scroll of random uselessness {unknown}
 y - 2 scrolls of enchant weapon {unknown}
 z - 4 scrolls of identify {unknown}
 A - a scroll of enchant armour
Potions
 b - a potion of heal wounds {unknown}
 j - a potion of flight {unknown}
 r - a potion of haste {unknown}
 s - a potion of mutation {unknown}
 u - a potion of magic {unknown}
 x - 2 potions of agility {unknown}
Comestibles
 c - 7 bread rations
 p - 3 meat rations
 q - 4 chunks of flesh
 w - a slice of pizza
 B - 3 fruits
 D - a royal jelly


   Skills:
 - Level 4.0 Fighting
 + Level 10.6 Maces & Flails
 - Level 2.6 Dodging


You had 6 spell levels left.
You didn't know any spells.

Dungeon Overview and Level Annotations

Branches:
Dungeon (5/15)
 Temple: D:4-7

Altars:
Ashenzari
Cheibriados
Elyvilon
Kikubaaqudgha
Makhleb
The Shining One

Shops:
D:4 *


Innate Abilities, Weirdness & Mutations

You are too large for most types of armour.
You have tough skin (AC +1).


Message History

Read which item? (? for menu, Esc to quit)
As you read the scroll of teleportation, it crumbles to dust.
You feel strangely unstable.
You feel sick.
The centaur shoots a poisoned arrow.
The poisoned arrow hits you.
You are more poisoned.
The howler monkey hoots and howls with incredible vigour!
You hear a bark!
You hit the howler monkey. You burn the howler monkey.
The howler monkey is almost dead.
The centaur shoots a poisoned arrow.
The poisoned arrow hits you!
* * * LOW HITPOINT WARNING * * *
You are lethally poisoned!
The howler monkey completely misses you.
The howler monkey closely misses you.
You hit the howler monkey but do no damage.
The howler monkey is almost dead.
* * * LOW HITPOINT WARNING * * *
You feel sick.
The centaur shoots a poisoned arrow.
The poisoned arrow hits you!!
You die...

#....####.#......[.....
###### #.###..........
#.............. #
####.##########
#.####.# ##......######
.#............#
(...c...........#
...#......@(....#
.........(.h....#
####..............
................
.................
.................
...#########..). ..
....


You could see a centaur and a howler monkey.

Vanquished Creatures
  2 scorpions (D:5)
  A howler monkey (D:5)
  2 orc wizards (D:4)
  A giant frog skeleton (D:5)
  Ijyb (D:3)
  4 worker ants
  9 gnolls
  7 adders
  4 worms
  A dart slug (D:2)
  3 giant geckos
  2 orcs (D:4)
  2 bat zombies (D:2)
  3 giant cockroaches
  5 goblins
  6 hobgoblins
  10 jackals
  8 kobolds
  3 quokkas
  A ball python (D:2)
  2 bats
  A giant gecko skeleton (D:4)
  2 giant newts
  10 rats
  A rat zombie (D:2)
91 creatures vanquished.

Notes
Turn   | Place    | Note
--------------------------------------------------------------
     0 | D:1      | Kusio the Ogre Berserker began the quest for the Orb.
     0 | D:1      | Reached XP level 1. HP: 24/24 MP: 1/1
   245 | D:1      | Reached XP level 2. HP: 22/32 MP: 2/2
   732 | D:1      | Reached skill level 5 in Maces & Flails
   744 | D:2      | Reached XP level 3. HP: 37/39 MP: 3/3
   972 | D:2      | Reached skill level 6 in Maces & Flails
   976 | D:2      | Reached XP level 4. HP: 3/48 MP: 4/4
  1126 | D:2      | Found a snail-covered altar of Cheibriados.
  1128 | D:2      | Found a shattered altar of Ashenzari.
  1129 | D:2      | Found a burning altar of Makhleb.
  1155 | D:2      | Reached ** piety under Trog
  1268 | D:2      | Reached skill level 7 in Maces & Flails
  1274 | D:2      | Reached XP level 5. HP: 18/54 MP: 5/5
  1647 | D:2      | Found an ancient bone altar of Kikubaaqudgha.
  1843 | D:3      | Reached skill level 8 in Maces & Flails
  2206 | D:3      | Found a faded altar to an unknown god.
  2236 | D:3      | Noticed Ijyb
  2251 | D:3      | Killed Ijyb
  2251 | D:3      | Reached XP level 6. HP: 52/62 MP: 6/6
  2335 | D:3      | Reached *** piety under Trog
  2633 | D:4      | Reached skill level 9 in Maces & Flails
  3071 | D:4      | Found Dico's General Store.
  3082 | D:4      | Bought a scroll of enchant armour for 105 gold pieces
  3247 | D:5      | Entered Level 5 of the Dungeon
  3247 | D:5      | Found a white marble altar of Elyvilon.
  3250 | D:5      | Found a glowing golden altar of the Shining One.
  3311 | D:5      | Reached skill level 10 in Maces & Flails
  3311 | D:5      | Reached XP level 7. HP: 70/70 MP: 7/7
  3418 | D:5      | Shot with a poisoned arrow by a centaur

Vault maps used:
D:1:      elethiomel_arrival_shortcut
D:2:      lemuel_zombie_altar_kikubaaqudgha, grunt_temple_overflow_open
D:3:      ecumenical_altar_2, kennysheep_generic_room_6, uniq_iyjb
D:4:      serial_shops, nicolae_shop_waterfront, first_bread
D:5:      good_gods_mini_temple

Skill      XL: |  1  2  3  4  5  6 |
---------------+-------------------+-----
Maces & Flails | 5 6 7 8 10 | 10.6
Fighting       | |  4.0
Dodging        | |  2.6

Action                   |  1- 3 |  4- 6 |  7- 9 || total
-------------------------+-------+-------+-------++-------
Melee: Mace              |    34 |       |       ||    34
       Whip              |    23 |   208 |    47 ||   278
Throw: Large rock        |     5 |       |       ||     5
Invok: Berserk           |     1 |     1 |       ||     2
  Use: Scroll            |       |     3 |     1 ||     4
       Potion            |       |     1 |     1 ||     2
  Eat: Chunk             |       |    10 |     1 ||    11
